 Dungeon Crawl Stone Soup version 0.32-a0-859-gb0a091d592 (webtiles) character file.

Game seed: 16201742217059450829

472 pokeman the Magician (level 6, -4/35 HPs)
             Began as a Deep Elf Hedge Wizard on Mar 27, 2024.
             Slain by an ogre
             ... wielding a +0 giant club
              (27 damage)
             ... on level 5 of the Dungeon.
             The game lasted 00:09:04 (4804 turns).

pokeman the Magician (Deep Elf Hedge Wizard)        Turns: 4804, Time: 00:09:04

Health: -4/35      AC:  3    Str:  7    XL:     6   Next: 83%
Magic:  3/18       EV: 12    Int: 21    God:
Gold:   234        SH:  0    Dex: 14    Spells: 7/20 levels left

rFire   . . .        r - +1 dagger (drain)
rCold   . . .        (no shield)
rNeg    + . .        b - +0 robe
rPois   .            c - +0 hat
rElec   .            (no cloak)
rCorr   .            v - +0 pair of gloves {hurl}
SInv    .            (no boots)
Will    .....        f - amulet of regeneration
Stlth   ++           j - ring of positive energy
HPRegen 1.05/turn    (no ring)
MPRegen 0.16/turn

%: no passive effects
@: lethally poisoned (-4 -> -5)
A: no striking features
a: no special abilities


You were on level 5 of the Dungeon.
You visited 1 branch of the dungeon, and saw 5 of its levels.

You collected 234 gold pieces.

Inventory:

Hand Weapons
 g - a +0 dagger of holy wrath
 r - a +1 dagger of draining (weapon)
 s - the +5 quarterstaff of Ogodiap {heavy, *Noise Fly rElec rCorr}
   (You found it on level 4 of the Dungeon)

   rElec:     It insulates you from electricity.
   Fly:       It grants you flight.
   *Noise:    It may make a loud noise when swung.
   rCorr:     It protects you from acid and corrosion.
Armour
 b - a +0 robe (worn)
 c - a +0 hat (worn)
 v - a +0 pair of gloves of hurling (worn)
Jewellery
 f - an amulet of regeneration (around neck)
 j - a ring of positive energy (left hand)
 x - the amulet of Uggoah {Faith rC+}
   (You found it on level 4 of the Dungeon)

   [amulet of faith]

   Faith:     It allows you to gain divine favour quickly.
   rC+:       It protects you from cold.
 y - an amulet of faith
Wands
 l - a wand of flame (28)
Scrolls
 e - a scroll of fog {unknown}
 i - a scroll of immolation {unknown}
 m - a scroll of teleportation {unknown}
 n - a scroll of enchant armour {unknown}
 o - 2 scrolls of identify {unknown}
 q - a scroll of summoning {unknown}
 u - a scroll of noise {unknown}
Potions
 a - 2 potions of attraction {unknown}
 d - a potion of magic
 h - 2 potions of might {unknown}
 k - a potion of degeneration {unknown}
 p - a potion of resistance {unknown}
 t - a potion of mutation {unknown}
 w - a potion of brilliance {unknown}
 z - a potion of curing {unknown}


   Skills:
 + Level 1.8 Fighting
 - Level 1.0 Armour
 - Level 3.0 Dodging
 - Level 3.0 Stealth
 * Level 7.5 Spellcasting
 + Level 3.7 Conjurations
 - Level 1.1 Summonings
 - Level 1.1 Translocations
 - Level 1.0 Air Magic
 - Level 1.0 Alchemy
 - Level 1.0 Evocations


You had 7 spell levels left.
You knew the following spells:

 Your Spells              Type           Power      Damage    Failure   Level
a - Magic Dart            Conj           92%        1d7       1%          1
b - Mephitic Cloud        Conj/Alch/Air  16%        N/A       12%         3
c - Call Imp              Summ           24%        N/A       9%          2
d - Blink                 Tloc           24%        N/A       9%          2
e - Iskenderun's Battles  Conj           23%        2d8       45%         5

Your spell library contained the following spells:

 Spells                   Type           Power      Damage    Failure   Level
 Momentum Strike          Conj/Tloc      36%        3d9       4%          2
 Slow                     Hex            28%        N/A       9%          1
 Lesser Beckoning         Tloc           24%        N/A       9%          2
 Cigotuvi's Dreadful Rot  Necr/Alch/Air  20%        N/A       10%         2
 Bombard                  Conj/Erth      7%         9d2       99%         6
 Spellforged Servitor     Conj/Summ      9%         N/A       100%        7


Dungeon Overview and Level Annotations

Branches:
Dungeon (5/15)
 Temple: D:4-7

Altars:

Shops:
D:1 !


Message History

The black bear claws you but does no damage.
You barely miss the black bear.
The black bear is moderately wounded.
The scorpion is engulfed in noxious fumes.
The scorpion appears confused.
The black bear is engulfed in noxious fumes.
The black bear appears confused.
The black bear barely misses you.
The black bear claws you but does no damage.
The black bear claws you.
The scorpion is engulfed in noxious fumes.
Okay, then.
Unknown command.
You catch the helpless black bear completely off-guard!
You puncture the black bear!
The black bear is heavily wounded.
The scorpion is engulfed in noxious fumes.
Unknown command.
You hit the black bear.
The black bear is severely wounded.
The black bear is engulfed in noxious fumes.
The black bear appears confused.
An ogre comes into view. It is wielding a +0 giant club.
You barely miss the black bear.
The black bear is severely wounded.
The black bear bites you. The black bear claws you.
The black bear closely misses you.
You hit the black bear. You drain the black bear.
You kill the black bear!
You hit the scorpion.
The scorpion is heavily wounded.
The scorpion closely misses you. The scorpion stings you.
You are poisoned.
The scorpion poisons you!
The scorpion stings itself but does no damage.
You feel very sick.
You feel sick.
The scorpion closely misses the ogre.
The ogre attacks as it pursues you!
The ogre hits you with a +0 giant club!!
Ouch! That really hurt!
You die...

# ######### .####
........#####......
........†.O@...#
#####..s.####<#
#.............
#.###......... #<#
#.#######.. #.# #.#
. #.# #.# #.# #.#
..# #..


You could see an ogre and a scorpion (confused, drained).

Vanquished Creatures
  A black bear (D:5)
  A hound (D:4)
  2 iguanas (D:4)
  An orc wizard (D:3)
  Natasha (thrice) (D:2)
  2 gnolls
  5 adders
  A white imp (D:5)
  4 dart slugs
  2 ribbon worms
  9 orcs
  8 endoplasms
  3 giant cockroaches
  8 goblins
  13 hobgoblins
  6 jackals
  2 quokkas (D:2)
  12 ball pythons
  7 bats
  2 frilled lizards (D:2)
  13 kobolds
  6 rats
111 creatures vanquished.

Vanquished Creatures (collateral kills)
  An endoplasm (D:3)
1 creature vanquished.

Grand Total: 112 creatures vanquished

Notes
Turn   | Place    | Note
-------+----------+-------------------------------------------
     0 | D:1      | pokeman the Deep Elf Hedge Wizard began the quest for the
                  | Orb.
     0 | D:1      | Reached XP level 1. HP: 10/10 MP: 7/7
   228 | D:1      | Found a faded altar of an unknown god.
   254 | D:1      | Reached XP level 2. HP: 15/15 MP: 2/9
   522 | D:1      | Found Duofusai's Distillery.
   655 | D:1      | Reached skill level 5 in Spellcasting
   655 | D:1      | Reached XP level 3. HP: 16/20 MP: 1/11
   659 | D:1      | Learned a level 3 spell: Mephitic Cloud
   662 | D:1      | Learned a level 2 spell: Call Imp
   665 | D:1      | Learned a level 2 spell: Blink
  1324 | D:2      | Reached skill level 1 in Fighting
  1324 | D:2      | Reached skill level 1 in Armour
  1938 | D:2      | Reached XP level 4. HP: 25/25 MP: 11/13
  2076 | D:2      | Noticed Natasha
  2096 | D:2      | Killed Natasha
  2217 | D:2      | Noticed Natasha
  2228 | D:2      | Killed Natasha
  2589 | D:2      | Noticed Natasha
  2604 | D:2      | Killed Natasha
  2605 | D:2      | Reached skill level 6 in Spellcasting
  2605 | D:2      | Reached XP level 5. HP: 29/29 MP: 9/15
  3201 | D:3      | Reached skill level 1 in Alchemy
  3507 | D:3      | Reached skill level 1 in Evocations
  3725 | D:3      | Reached skill level 1 in Air Magic
  3725 | D:3      | Reached XP level 6. HP: 34/34 MP: 13/17
  3840 | D:3      | Learned a level 5 spell: Iskenderun's Battlesphere
  3925 | D:4      | Identified the +5 quarterstaff of Ogodiap {heavy, *Noise
                  | Fly rElec rCorr}
  4149 | D:4      | Reached skill level 7 in Spellcasting
  4453 | D:4      | Identified the amulet of Uggoah {Faith rC+}
  4762 | D:5      | Entered Level 5 of the Dungeon
  4804 | D:5      | Slain by an ogre

Illustrated notes

Levels and vault maps discovered:
D:1:      minmay_arrival_hallway, layout_basic, shapermc_ecumenical_altar_venn,
          serial_shops, nicolae_shop_real_fake_doors,
          nicolae_figureground_sparkle
D:2:      layout_basic, uniq_natasha
D:3:      corexii_shack_village, layout_basic, minmay_fractal_squares_diagonal_5
D:4:      layout_basic
D:5:      layout_loops_ring, ebering_ghost_inner_flame

Skill      XL: |  1  2  3  4  5  6 |
---------------+-------------------+-----
Spellcasting   | 5 6 7 |  7.5
Fighting       | 1 |  1.8
Armour         | 1 |  1.0
Conjurations   | 2 3 |  3.7
Stealth        | 3 |  3.0
Dodging        | 3 |  3.0
Alchemy        | 1 |  1.0
Evocations     | 1 |  1.0
Air Magic      | 1 |  1.0
Summonings     | |  1.1
Translocations | |  1.1

Action                     |  1- 3 |  4- 6 || total
---------------------------+-------+-------++-------
  Melee: Dagger            |    45 |    79 ||   124
   Cast: Magic Dart        |   103 |   169 ||   272
         Mephitic Cloud    |       |     9 ||     9
         Call Imp          |       |     1 ||     1
   Stab: Sleeping          |     1 |       ||     1
         Confused          |       |    11 ||    11
 Armour: Robe              |    34 |    57 ||    91
  Dodge: Dodged            |    47 |    80 ||   127

Table legend: (Time is in decaauts)
 A = Elapsed time spent in this place.
 B = Non-inter-level travel time spent in this place.
 C = Inter-level travel time spent in this place.
 D = Time resting spent in this place.
 E = Time spent auto-exploring this place.
 F = Levels seen in this place.
 G = Mean time per level.
                   A        B        C        D        E       F      G
               +--------+--------+--------+--------+--------+-----+--------+
         Total |   4801 |   4618 |    183 |      0 |   3933 |   5 |  960.2 |
       Dungeon |   4801 |   4618 |    183 |      0 |   3933 |   5 |  960.2 |
               +--------+--------+--------+--------+--------+-----+--------+

Top non-repeatable levels by time:
     D:2: 1360 daAuts
     D:1: 1304 daAuts
     D:3: 1215 daAuts
     D:4: 879 daAuts
     D:5: 41 daAuts
